[Event "DVM U16 2019"]
[Site "Magedburg"]
[Date "2019.12.28"]
[Round "3"]
[White "Costa, Leonardo"]
[Black "Grunwald, Jonathan"]
[Result "1-0"]
[ECO "C45"]
[WhiteElo "2048"]
[BlackElo "1815"]
[Annotator "NA RC"]
[PlyCount "57"]
[EventDate "2019.12.27"]
[EventType "team-tourn"]
[EventRounds "7"]
[EventCountry "GER"]
[SourceTitle "playchess.com"]
[Source "ChessBase"]
[SourceQuality "1"]
[WhiteTeam "SK München Südost"]
[BlackTeam "Biebertaler SF"]
[WhiteTeamCountry "GER"]
[BlackTeamCountry "GER"]
[TimeControl "40/5400+30:1800+30"]

1. e4 e5 2. Nf3 Nc6 3. d4 exd4 4. Nxd4 Bc5 5. Nb3 Bb6 6. Nc3 Nf6 7. Bd3 {[%emt 0:01:07] unterminated C45: Scotch Game} (7. Bg5 h6 8. Bh4 d6 9. f3 g5 10. Bg3 a6 11. Qd2 Qe7 12. O-O-O Be6 13. Na4 Ba7 14. Na5 Nxa5 15. Qxa5 Nh5 16. Be1 {½-½ (49) Chigaev,M (2637)-Malakhov,V (2660) Sochi 2019}) 7... d6 {[%emt 0:04:41] unterminated} 8. Bg5 {[%emt 0:04:54] unterminated} h6 9. Bh4 {[%emt 0:00:20] unterminated} Be6 {[%emt 0:03:44] unterminated} 10. Qe2 {[%emt 0:11:16] unterminated} g5 {[%emt 0:21:54] unterminated} 11. Bg3 {[%emt 0:01:24] unterminated} Bxb3 $146 {[%emt 0:01:31] unterminated} ({Predecessor:} 11... Ne5 12. O-O-O Qe7 13. h4 O-O-O 14. Kb1 Nxd3 15. Qxd3 {0-1 (54) Nagy,B (2352)-Balint,V (2203) Ajka 2019}) 12. axb3 {[%emt 0:01:52] unterminated} Nd4 {[%emt 0:00:42] unterminated} 13. Qd2 Qd7 {[%emt 0:00:44] unterminated} 14. O-O-O {[%emt 0:01:49] unterminated} O-O-O {[%emt 0:00:54] unterminated} 15. Na4 Rde8 16. Nxb6+ axb6 17. Qc3 c5 18. f3 Qe6 19. Rhe1 Nd7 20. Bc4 Qg6 21. Bxf7 Qxf7 22. Rxd4 h5 23. Rxd6 h4 24. Bf2 Rd8 {[%emt 0:02:00] normal} 25. Red1 {[%emt 0:00:52] normal} Rhf8 {[%emt 0:01:34] normal} 26. e5 {[%emt 0:02:01] normal} Qf4+ 27. Be3 {[%emt 0:00:12] normal} Qf5 28. e6 $18 {[%emt 0:00:44] normal} Nf6 29. e7 {[%emt 0:00:10] normal} 1-0

[Event "DVM U16 2019"]
[Site "Magedburg"]
[Date "2019.12.28"]
[Round "3"]
[White "Biermann, Florian"]
[Black "Bethke, Robert"]
[Result "1-0"]
[ECO "D00"]
[WhiteElo "2044"]
[BlackElo "2046"]
[Annotator "NA"]
[PlyCount "98"]
[EventDate "2019.12.27"]
[EventType "team-tourn"]
[EventRounds "7"]
[EventCountry "GER"]
[SourceTitle "playchess.com"]
[Source "ChessBase"]
[SourceQuality "1"]
[WhiteTeam "SG Bochum"]
[BlackTeam "SF Neuberg"]
[WhiteTeamCountry "GER"]
[BlackTeamCountry "GER"]
[TimeControl "40/5400+30:1800+30"]

1. d4 d5 2. Bf4 Nf6 3. e3 e6 4. Nd2 Bd6 5. Bg3 c5 {[%emt 0:00:33] unterminated} 6. c3 {[%emt 0:00:48] unterminated} Nc6 7. Ngf3 {[%emt 0:01:42] unterminated} O-O {[%emt 0:04:31] unterminated} 8. Bb5 {[%emt 0:03:52] D02: 1 d4 d5 2 Nf3 sidelines, including 2...Nf6 3 g3 and 2...Nf6 3 Bf4} Ne7 {[%emt 0:00:54] unterminated} (8... cxd4 9. exd4 Ne7 10. Bd3 Ng6 11. O-O Bxg3 12. fxg3 b5 13. Qe2 Qb6 14. Ng5 b4 15. Ndf3 h6 {½-½ (34) Naroditsky,D (2616)-Mamedyarov,S (2817) chess.com INT 2019}) 9. Bd3 b6 {[%emt 0:01:08] unterminated} 10. Qe2 Bb7 {[%emt 0:00:21] unterminated} 11. Rd1 $146 {[%emt 0:02:41] unterminated} ({Predecessor:} 11. Bxd6 Qxd6 12. Ne5 Ne4 13. Nxe4 dxe4 14. Bc2 Rac8 15. O-O Nf5 {0-1 (92) Kostov,D (1830)-Tarhan,A (1962) Antalya 2019}) 11... cxd4 12. exd4 Nf5 13. Be5 Ne8 14. O-O Bxe5 15. dxe5 Nc7 16. b4 g6 17. Nd4 Kh8 18. g4 Nxd4 19. cxd4 Qe7 20. Rb1 f5 21. f4 Rfc8 22. Rb3 a6 23. a3 Bc6 24. g5 Ba4 25. Rc3 Nb5 26. Rxc8+ Rxc8 {[%emt 0:00:01] unterminated} 27. Nf3 {[%emt 0:01:36] unterminated} Qc7 28. h4 {[%emt 0:04:36] unterminated} Qc3 {[%emt 0:00:41] unterminated} 29. Qe3 {[%emt 0:02:57] unterminated} Qxa3 {[%emt 0:01:53] unterminated} 30. h5 Rc3 {[%emt 0:00:27] unterminated} 31. Ne1 Qxb4 32. Qh3 {[%emt 0:01:00] unterminated} Qxd4+ {[%emt 0:01:50] unterminated} 33. Kg2 {[%emt 0:01:35] unterminated} Rc7 34. hxg6 {[%emt 0:00:27] unterminated} Qb2+ {[%emt 0:03:12] unterminated} 35. Rf2 Qb4 {[%emt 0:00:08] unterminated} 36. Qh6 {[%emt 0:00:51] [#]} Rg7 $1 37. gxh7 {[%emt 0:00:31] unterminated} Qxe1 {[%emt 0:09:29] unterminated} 38. Qxe6 {[%emt 0:03:05] Double Attack} Nc7 {[%emt 0:00:34] unterminated} 39. Qxf5 Qb4 {[%emt 0:00:45] unterminated} 40. g6 {[%emt 0:04:48] unterminated} Bd7 {[%emt 0:03:17] unterminated} 41. Qf6 {[%emt 0:09:12] unterminated} Ne8 {[%emt 0:01:24] unterminated} 42. Qg5 {[%emt 0:04:00] unterminated} Qc3 $2 {[%emt 0:02:19] unterminated} (42... Re7 $11) 43. Qg3 {[%emt 0:03:35] unterminated} d4 {[%emt 0:03:03] unterminated} 44. f5 Bc6+ 45. Kh2 {[%emt 0:00:21] unterminated} Qc1 {[%emt 0:00:57] [#]} 46. Rf1 $1 {[%emt 0:01:13] unterminated} Qh6+ $18 47. Kg1 Bb5 48. f6 Ra7 49. f7 Qf8 {[%emt 0:00:28] normal} 1-0

[Event "DVM U16 2019"]
[Site "Magedburg"]
[Date "2019.12.28"]
[Round "3"]
[White "Haufe, Laurin"]
[Black "Rietschel, Tilo"]
[Result "0-1"]
[ECO "B76"]
[WhiteElo "2022"]
[BlackElo "2005"]
[Annotator "NA"]
[PlyCount "85"]
[EventDate "2019.12.27"]
[EventType "team-tourn"]
[EventRounds "7"]
[EventCountry "GER"]
[SourceTitle "playchess.com"]
[Source "ChessBase"]
[SourceQuality "1"]
[WhiteTeam "SG Leipzig"]
[BlackTeam "Lübecker SV"]
[WhiteTeamCountry "GER"]
[BlackTeamCountry "GER"]
[TimeControl "40/5400+30:1800+30"]

1. e4 c5 2. Nf3 d6 3. d4 cxd4 4. Nxd4 Nf6 5. Nc3 g6 6. Be3 Bg7 7. f3 O-O 8. Qd2 Nc6 9. g4 Be6 10. h4 {unterminated} d5 {unterminated B76: Sicilian Dragon: Yugoslav Attack, 9 g4 and 9 0-0-0} 11. g5 {unterminated} (11. e5 Nxe5 12. O-O-O Qa5 13. Be2 Rfc8 14. h5 Rxc3 15. Qxc3 Qxa2 16. hxg6 hxg6 17. Nxe6 fxe6 18. Qxe5 Qa1+ 19. Kd2 Qa5+ 20. Kc1 Qa1+ 21. Kd2 Qa5+ 22. Kc1 Qa1+ 23. Kd2 {½-½ (23) Bauer,C (2618)-Edouard,R (2634) Saint-Quentin 2015}) 11... Nh5 {unterminated} 12. O-O-O {unterminated} Nxd4 {unterminated} 13. Bxd4 {unterminated} dxe4 14. Bxg7 Qxd2+ 15. Rxd2 e3 16. Bxf8 exd2+ 17. Kxd2 Kxf8 18. Bd3 Rd8 $146 19. Ke3 f5 20. Ne2 Bd7 21. f4 Re8 22. Kd4 Nxf4 23. Nxf4 e5+ 24. Ke3 exf4+ 25. Kxf4 {unterminated} Bc6 {unterminated} 26. Rc1 {unterminated} Be4 {unterminated} 27. b3 {unterminated} Re7 {unterminated} 28. Kg3 {unterminated} Ke8 {unterminated} 29. Bc4 {unterminated} Kd7 {unterminated} 30. c3 {unterminated} Kd6 {unterminated} 31. Kf4 Kc5 {unterminated} 32. Rd1 {unterminated} b5 33. Bg8 {unterminated} a5 34. Rd2 {unterminated} Bc6 35. Rd4 {unterminated} Be4 36. Rd2 {unterminated} b4 37. c4 {unterminated} Bc6 38. Bd5 {unterminated} a4 39. h5 {unterminated} a3 40. h6 Kb6 {unterminated} 41. Bf3 $11 Kc7 42. Bxc6 Kxc6 43. Kf3 {normal} 0-1

[Event "DVM U16 2019"]
[Site "Magedburg"]
[Date "2019.12.28"]
[Round "3"]
[White "Henning, Marvin"]
[Black "Grabbel, Lennart Christian"]
[Result "1-0"]
[ECO "B23"]
[WhiteElo "1972"]
[BlackElo "1849"]
[Annotator "NA RC"]
[PlyCount "92"]
[EventDate "2019.12.27"]
[EventType "team-tourn"]
[EventRounds "7"]
[EventCountry "GER"]
[SourceTitle "playchess.com"]
[Source "ChessBase"]
[SourceQuality "1"]
[WhiteTeam "Reideburger SV 90 Halle"]
[BlackTeam "Hamburger SK"]
[WhiteTeamCountry "GER"]
[BlackTeamCountry "GER"]
[TimeControl "40/5400+30:1800+30"]

1. e4 c5 2. Nc3 a6 3. g3 b5 4. Bg2 Bb7 5. d3 e6 6. f4 d5 7. f5 {[%emt 0:00:09] B23: Closed Sicilian: Lines without g3} (7. Qe2 Be7 8. Nf3 d4 9. Nd1 Nc6 10. O-O Nf6 11. Nf2 Qb6 12. a4 h6 13. h4 Qc7 14. Bh3 Nd7 15. axb5 axb5 16. Rxa8+ Bxa8 {0-1 (56) Sambuev,B (2524)-Kovalyov,A (2651) Edmonton 2018}) 7... d4 8. fxe6 dxc3 9. exf7+ {[%emt 0:00:02] unterminated} Kxf7 10. Nf3 {[%emt 0:00:10] unterminated} Be7 {[%emt 0:01:37] unterminated} (10... cxb2 $1 $11 11. Bxb2 Nh6) 11. O-O ({Much worse is} 11. Ne5+ Kf8 $15) 11... Ke8 {[%emt 0:01:11] unterminated} 12. bxc3 Nd7 {[%emt 0:01:13] unterminated} 13. e5 $146 {[%emt 0:06:28] unterminated} ({Predecessor:} 13. Bh3 Ngf6 14. Ng5 Qb6 {1-0 (64) Hansen,L (2231)-Thogersen,R (2220) Odense 2015}) 13... Qb6 {[%emt 0:05:09] unterminated} 14. a4 {[%emt 0:06:06] unterminated} Rc8 {[%emt 0:04:15] unterminated} 15. Qe2 {[%emt 0:03:50] unterminated} Bd5 16. axb5 {[%emt 0:01:10] unterminated} axb5 {[%emt 0:00:09] unterminated} 17. Ng5 {[%emt 0:03:03] unterminated} Bxg2 18. Qxg2 {[%emt 0:00:07] unterminated} Nxe5 $2 {[%emt 0:20:10] unterminated} (18... Bxg5 $16 {was called for.} 19. Bxg5 h6) 19. Qe4 {[%emt 0:03:49] unterminated} Ng6 {[%emt 0:02:51] unterminated} 20. Qf5 {[%emt 0:02:39] unterminated} Qc6 {[%emt 0:04:19] unterminated} 21. Qf7+ Kd7 22. Ne6 {[%emt 0:01:54] unterminated} Nh6 23. Ra7+ {[%emt 0:00:56] unterminated} Rc7 24. Rxc7+ Qxc7 {[%emt 0:00:05] unterminated} 25. Bxh6 $1 Qe5 {[%emt 0:00:05] unterminated} 26. Bxg7 Qxe6 {[%emt 0:00:07] unterminated} 27. Bxh8 Qxf7 28. Rxf7 Nxh8 29. Rxh7 Ng6 30. h4 Ke6 31. d4 cxd4 32. cxd4 Bf6 {[%emt 0:00:08] unterminated} 33. c3 Ne7 34. g4 {[%emt 0:00:50] unterminated} Nd5 35. g5 Be7 36. g6 Bf6 37. h5 Ne7 38. Kf2 b4 39. cxb4 Bxd4+ 40. Ke2 Kf6 41. Rf7+ Ke6 42. Kd3 Bg1 {[%emt 0:00:18] normal} 43. Rf1 Ba7 44. g7 Bb8 45. h6 Be5 46. Re1 Kd5 {normal Ke4+} 1-0

[Event "DVM U16 2019"]
[Site "Magedburg"]
[Date "2019.12.28"]
[Round "3"]
[White "Prieb, Robert"]
[Black "Kolzenburg, Jan Niklas"]
[Result "1-0"]
[ECO "D37"]
[WhiteElo "1963"]
[BlackElo "1648"]
[Annotator "NA"]
[PlyCount "96"]
[EventDate "2019.12.27"]
[EventType "team-tourn"]
[EventRounds "7"]
[EventCountry "GER"]
[SourceTitle "playchess.com"]
[Source "ChessBase"]
[SourceQuality "1"]
[WhiteTeam "SG Bochum"]
[BlackTeam "SF Neuberg"]
[WhiteTeamCountry "GER"]
[TimeControl "40/5400+30:1800+30"]

1. d4 d5 2. c4 e6 3. Nc3 Nf6 4. Nf3 Be7 5. Bf4 O-O 6. e3 Nbd7 7. c5 Nh5 8. Bd3 {[%emt 0:00:37] D37: Queen's Gambit Declined: 5 Bf4} Nxf4 9. exf4 {[%emt 0:00:02] unterminated} b6 10. b4 {[%emt 0:00:33] unterminated} a5 11. a3 {[%emt 0:00:20] unterminated} c6 {[%emt 0:01:33] unterminated} 12. O-O Qc7 {[%emt 0:01:15] unterminated} 13. g3 $146 {[%emt 0:02:13] unterminated} ({Predecessor:} 13. Ne5 Ba6 14. Bxa6 Nxe5 15. fxe5 Rxa6 {0-1 (53) Le,Q (2694)-Nakamura,H (2733) Cap d'Agde 2010}) 13... Ba6 {[%emt 0:01:12] unterminated} 14. Ne5 {[%emt 0:02:48] unterminated} Nxe5 {[%emt 0:04:37] unterminated} 15. fxe5 {[%emt 0:00:19] unterminated} Bxd3 16. Qxd3 {[%emt 0:00:07] unterminated} axb4 17. axb4 bxc5 {[%emt 0:00:42] unterminated} 18. bxc5 {[%emt 0:00:31] unterminated} Ra5 {[%emt 0:13:57] unterminated} 19. Rab1 {[%emt 0:04:14] unterminated} Rfa8 {[%emt 0:08:15] unterminated} 20. f4 {[%emt 0:03:46] unterminated} Bd8 {[%emt 0:04:20] unterminated} 21. f5 {[%emt 0:05:00] unterminated} exf5 22. Qxf5 Qe7 {[%emt 0:01:16] unterminated} 23. Rbe1 {[%emt 0:07:31] unterminated} Qe6 {[%emt 0:02:25] unterminated} 24. Qxe6 fxe6 25. Rb1 {[%emt 0:00:30] unterminated} R5a7 {[%emt 0:04:11] unterminated} 26. Ne2 {[%emt 0:05:55] unterminated} g5 {[%emt 0:06:12] unterminated} 27. Rf3 {[%emt 0:03:02] unterminated} Ra1 {[%emt 0:02:28] unterminated} 28. Rfb3 {[%emt 0:02:40] unterminated} Kf8 {[%emt 0:01:24] unterminated} 29. Kf2 {[%emt 0:04:24] unterminated} Rxb1 30. Rxb1 {[%emt 0:00:07] unterminated} Ra7 {[%emt 0:03:09] unterminated} 31. Rb3 {[%emt 0:07:44] unterminated} Rf7+ {[%emt 0:01:32] unterminated} 32. Kg2 {[%emt 0:01:17] unterminated} Ke7 {[%emt 0:01:58] unterminated} 33. Nc3 Kd7 {[%emt 0:01:23] unterminated} 34. Rb8 {[%emt 0:05:47] unterminated} Ke8 {[%emt 0:02:30] unterminated} 35. Na4 g4 {[%emt 0:01:18] unterminated} 36. Nb6 {[%emt 0:06:20] unterminated} Ra7 37. Rc8 Ra2+ 38. Kg1 Ra1+ 39. Kf2 {[%emt 0:00:10] unterminated} Ra2+ {[%emt 0:00:15] unterminated} 40. Ke3 {[%emt 0:06:05] unterminated} Ra3+ {[%emt 0:00:54] unterminated} (40... Rxh2 $11 41. Rxc6 Kf7) 41. Kd2 {[%emt 0:35:46] unterminated} Ra2+ {[%emt 0:03:00] unterminated} 42. Kc3 {[%emt 0:00:00] unterminated} Rxh2 43. Rxc6 {[%emt 0:00:00] unterminated} Ke7 {[%emt 0:02:27] unterminated} 44. Rd6 $18 Rh3 45. Nc8+ Ke8 46. c6 Rxg3+ 47. Kb4 Rf3 48. Rd7 Rf7 {normal} 1-0

[Event "DVM U16 2019"]
[Site "Magedburg"]
[Date "2019.12.28"]
[Round "3"]
[White "Glinzner, Alva"]
[Black "Wang, Ruiming"]
[Result "0-1"]
[ECO "B30"]
[WhiteElo "1812"]
[BlackElo "1808"]
[Annotator "NA RC"]
[PlyCount "88"]
[EventDate "2019.12.27"]
[EventType "team-tourn"]
[EventRounds "7"]
[EventCountry "GER"]
[SourceTitle "playchess.com"]
[Source "ChessBase"]
[SourceQuality "1"]
[WhiteTeam "Lübecker SV"]
[BlackTeam "SG Leipzig"]
[WhiteTeamCountry "GER"]
[BlackTeamCountry "GER"]
[TimeControl "40/5400+30:1800+30"]

1. e4 c5 2. Nf3 Nc6 3. Bb5 d6 4. Bxc6+ bxc6 5. O-O e5 6. d3 Be7 7. Nbd2 {unterminated} f5 {unterminated} 8. exf5 Bxf5 {unterminated} 9. Ne4 Nf6 {unterminated} 10. Ng3 {unterminated} Bg4 {unterminated} 11. h3 Bd7 {unterminated} 12. Nh4 {unterminated} O-O 13. Nhf5 {unterminated} Nd5 {unterminated} 14. Ne3 {unterminated} Nf4 {unterminated} 15. Nh5 {unterminated} Qe8 (15... Bh4 $19 16. Kh1 Qe7) 16. Nxf4 Rxf4 17. Nc4 Rh4 18. Qf3 Qg6 19. Qg3 Qh5 20. Kh2 Rf8 21. f3 Rxc4 22. Qf2 Rh4 23. Qg3 Rd4 24. Qe1 Bh4 25. Qe2 Qg6 26. Be3 Bg3+ {unterminated} 27. Kg1 {unterminated} Rh4 {unterminated} 28. Bf2 {unterminated} Bxh3 {unterminated} 29. Bxg3 Qxg3 30. Qf2 {unterminated} Qxf2+ 31. Kxf2 Be6 {unterminated} 32. Rfe1 c4 {unterminated} 33. Rad1 {unterminated} cxd3 34. Rxd3 {unterminated} Bd5 {unterminated} 35. Kg3 {unterminated} Rh6 36. Ra3 Rg6+ 37. Kh2 Rf5 38. Re2 Rh5+ 39. Kg1 {unterminated} Rh3 40. Kf1 {unterminated} Rh1+ $19 41. Kf2 Bc4 42. Rd2 Rf1+ 43. Ke3 d5 {normal} 44. c3 c5 {normal} 0-1

[Event "DVM U16 2019"]
[Site "Magedburg"]
[Date "2019.12.28"]
[Round "3"]
[White "Schaefer, Konstantin"]
[Black "Bornholdt, Joa Max"]
[Result "1/2-1/2"]
[ECO "C58"]
[WhiteElo "1766"]
[BlackElo "1890"]
[Annotator "NA"]
[PlyCount "101"]
[EventDate "2019.12.27"]
[EventType "team-tourn"]
[EventRounds "7"]
[EventCountry "GER"]
[SourceTitle "playchess.com"]
[Source "ChessBase"]
[SourceQuality "1"]
[WhiteTeam "SG Leipzig"]
[BlackTeam "Lübecker SV"]
[WhiteTeamCountry "GER"]
[BlackTeamCountry "GER"]
[TimeControl "40/5400+30:1800+30"]

1. e4 e5 2. Nf3 Nc6 3. Bc4 Nf6 4. Ng5 d5 5. exd5 Na5 6. Bb5+ c6 7. dxc6 bxc6 8. Bd3 {[%emt 0:00:09] unterminated} Nd5 {[%emt 0:02:06] C58: Two Knights: 4 Ng5 d5 5 exd5 Na5 sidelines} 9. Nf3 {[%emt 0:00:19] unterminated} Bd6 10. O-O O-O {[%emt 0:00:16] unterminated} (10... Nf4 11. Nc3 Nxd3 12. cxd3 O-O 13. b3 c5 14. Ba3 Nc6 15. Ne4 Nb4 16. Bxb4 cxb4 {½-½ (43) Aronian,L (2765)-Ding,L (2805) Saint Louis 2019}) 11. Re1 {[%emt 0:00:46] unterminated} Re8 {[%emt 0:04:07] unterminated} 12. Bf1 {[%emt 0:02:23] unterminated} ({White should try} 12. Nc3 $11) 12... e4 {[%emt 0:04:20] unterminated} 13. Nd4 $1 Nf6 $146 ({Predecessor:} 13... Qg5 14. d3 Bxh2+ 15. Kxh2 Qe5+ 16. Kg1 Qxd4 {1-0 (33) Low,Z (2385)-Marchesich,G (2008) Nova Gorica 2019}) 14. h3 Bc5 15. Nb3 Nxb3 16. axb3 {[%emt 0:00:07] unterminated} Qb6 {[%emt 0:01:19] unterminated} 17. Qe2 {[%emt 0:13:57] unterminated} Nd5 {[%emt 0:07:15] unterminated} 18. g3 {[%emt 0:13:37] unterminated} Qc7 {[%emt 0:05:37] unterminated} 19. Kg2 {[%emt 0:03:13] unterminated} Qd7 {[%emt 0:06:59] unterminated} 20. Kh2 {[%emt 0:09:36] unterminated} a5 {[%emt 0:08:25] unterminated} 21. d4 Bxd4 {[%emt 0:01:23] unterminated} 22. c3 Bb6 {[%emt 0:01:17] unterminated} 23. Na3 {[%emt 0:00:57] unterminated} Qf5 24. Be3 Nxe3 25. fxe3 Bc7 26. Bg2 {[%emt 0:00:42] unterminated} Qg5 {[%emt 0:02:00] unterminated} 27. Qf2 Re6 28. Rf1 {[%emt 0:00:04] unterminated} Rf6 29. Qe1 {[%emt 0:00:05] unterminated} Rxf1 30. Bxf1 Be6 {[%emt 0:01:05] unterminated} 31. Bc4 {[%emt 0:01:30] unterminated} h5 32. Bxe6 (32. Qg1 $142 Bf5 33. Nc2) 32... fxe6 {[%emt 0:00:01] unterminated} 33. Rd1 {[%emt 0:03:05] unterminated} h4 {[%emt 0:00:47] unterminated} 34. Kh1 hxg3 35. Nc4 Qh5 36. Kg2 Rf8 37. Rd2 {[%emt 0:00:14] unterminated} g5 {[%emt 0:04:15] unterminated} 38. Qd1 {[%emt 0:00:53] unterminated [#] unterminated} Qf3+ (38... Rf2+ $142 $1 39. Rxf2 Qxd1 40. Rd2 Qf3+ 41. Kg1 {[#]} Bb6 $1 42. b4 Bxe3+ 43. Nxe3 Qxe3+ {[%mdl 64] Double Attack} 44. Kg2 Qxd2+ {[%mdl 64] Double Attack} 45. Kxg3 Qf4+ 46. Kg2 e3 47. Kg1 e2 48. Kh1 e1=Q+ 49. Kg2 Qfg3#) 39. Kg1 g2 40. Qxf3 exf3 41. Rf2 {[%emt 0:30:14] unterminated} Bg3 $2 {[%emt 0:31:24] unterminated} (41... Kg7 42. Nd2 {[#]} g4 $1 43. Rxg2 fxg2 44. hxg4 Kg6 45. Kxg2 Kg5) 42. Rxf3 Rxf3 43. Kxg2 {[%emt 0:00:03] unterminated} Rf2+ ({Inferior is} 43... g4 44. hxg4 Rf8 45. Kxg3 $11) 44. Kxg3 Rc2 45. Nxa5 Rxb2 46. b4 Rc2 47. c4 Kg7 48. c5 {[%emt 0:00:06] unterminated} Kf6 49. Nxc6 e5 $11 50. Nb8 Ke6 51. Na6 {[%emt 0:00:00] normal} 1/2-1/2

[Event "DVM U16 2019"]
[Site "Magedburg"]
[Date "2019.12.28"]
[Round "3"]
[White "Klaas, Heiko"]
[Black "Seidel, Arne-Christian"]
[Result "1-0"]
[ECO "C41"]
[WhiteElo "1759"]
[BlackElo "1636"]
[Annotator "NA"]
[PlyCount "117"]
[EventDate "2019.12.27"]
[EventType "team-tourn"]
[EventRounds "7"]
[EventCountry "GER"]
[SourceTitle "playchess.com"]
[Source "ChessBase"]
[SourceQuality "1"]
[WhiteTeam "Hamburger SK"]
[BlackTeam "Reideburger SV 90 Halle"]
[WhiteTeamCountry "GER"]
[BlackTeamCountry "GER"]
[TimeControl "40/5400+30:1800+30"]

1. e4 d6 2. d4 Nf6 3. Nc3 e5 4. Nf3 Nbd7 5. Bc4 Be7 6. a4 O-O 7. O-O c6 8. Bb3 exd4 9. Qxd4 Nc5 10. Ba2 Ng4 11. Re1 Bf6 12. e5 Nxe5 13. Nxe5 Bxe5 14. Rxe5 dxe5 15. Qxc5 Qd4 16. Be3 Qxc5 17. Bxc5 Rd8 18. Re1 b6 19. Be3 Bf5 20. Bb3 Kf8 21. f3 f6 22. Kf2 Bg6 23. a5 Rab8 24. axb6 axb6 25. Ra1 Rd7 26. Ra6 c5 27. Ba4 Rdb7 28. Bc6 Re7 29. Be4 f5 30. Bd3 f4 31. Bd2 Bxd3 32. cxd3 Rd7 33. Ke2 g5 34. Na4 Rdb7 35. Bc3 Kf7 36. Kd2 Kf6 37. Nxc5 Rc7 38. Ne4+ Kf5 39. h3 Rd7 40. Ba5 Kg6 41. Bxb6 Kg7 42. b4 h6 43. Bc5 Rbd8 44. Ra3 Rb8 45. Kc3 Rbd8 46. Kc4 Rc8 47. Kb5 Rb7+ 48. Bb6 Rcb8 49. Ra6 Rd7 50. Nc5 Rd6 51. Ka5 Rc8 52. Bc7 Rd5 53. Kb6 Re8 54. Kc6 Rd4 55. b5 e4 56. dxe4 Rc4 57. b6 Re7 58. Kd5 Rb4 59. Ra8 {[%emt 0:00:00] normal} 1-0

[Event "DVM U16 2019"]
[Site "Magedburg"]
[Date "2019.12.28"]
[Round "3"]
[White "Baranyai-Molnar, Adam-Kristof"]
[Black "Biermann, Lenhard"]
[Result "0-1"]
[ECO "C03"]
[WhiteElo "1756"]
[BlackElo "2098"]
[Annotator "NA"]
[PlyCount "84"]
[EventDate "2019.12.27"]
[EventType "team-tourn"]
[EventRounds "7"]
[EventCountry "GER"]
[SourceTitle "playchess.com"]
[Source "ChessBase"]
[SourceQuality "1"]
[WhiteTeam "SF Neuberg"]
[BlackTeam "SG Bochum"]
[BlackTeamCountry "GER"]
[TimeControl "40/5400+30:1800+30"]

1. e4 e6 2. d4 d5 3. Nd2 Be7 4. Bd3 c5 5. dxc5 Bxc5 (5... Nf6 6. Ngf3 dxe4 7. Nxe4 Nxe4 8. Bxe4 Qxd1+ 9. Kxd1 Bxc5 10. Ke2 Nd7 11. Be3 Bxe3 12. Kxe3 Nc5 13. Rhd1 Ke7 14. Bd3 f6 15. Bc4 Bd7 16. b4 Na4 17. Rxd7+ Kxd7 18. Bb5+ {½-½ (52) Svidler,P (2753)-Yu,Y (2759) Shenzhen 2018}) 6. Ngf3 {[%emt 0:00:24] C03: French Tarrasch: Unusual Black 3rd moves} Nf6 {[%emt 0:02:40] unterminated} 7. e5 {[%emt 0:03:27] unterminated} Nfd7 8. O-O Nc6 {[%emt 0:00:20] unterminated} 9. Nb3 {[%emt 0:02:20] unterminated} Be7 {[%emt 0:00:28] unterminated} 10. Bf4 $146 {[%emt 0:00:17] unterminated} ({Predecessor:} 10. Re1 O-O 11. c3 f6 12. exf6 Nxf6 13. Nbd4 Nxd4 14. cxd4 {½-½ (52) Ballester Sanz,J (2170)-Rodriguez Valencoso,J (2159) Valencia 2014}) 10... g5 {[%emt 0:04:07] unterminated} 11. Bg3 h5 12. h3 g4 13. Nfd4 gxh3 14. Nxc6 bxc6 15. gxh3 c5 16. Be2 h4 17. Bh2 Bb7 18. f4 {[%emt 0:00:24] unterminated} Qb6 19. c3 {[%emt 0:01:08] unterminated} d4 {[%emt 0:16:13] unterminated} 20. Bf3 {[%emt 0:00:16] unterminated} Rd8 {[%emt 0:01:44] unterminated} 21. Bxb7 Qxb7 22. Qf3 {[%emt 0:00:05] unterminated} Qxf3 23. Rxf3 {[%emt 0:00:06] unterminated} Nb6 24. Kf1 {[%emt 0:00:40] unterminated} dxc3 {[%emt 0:07:57] unterminated} 25. bxc3 Nc4 26. Ke2 a5 27. Bg1 a4 28. Nxc5 Rd2+ {[%emt 0:00:13] unterminated} 29. Ke1 Rg8 {[%emt 0:01:24] unterminated} 30. Bd4 {[%emt 0:01:34] unterminated} Bxc5 31. Bxc5 Rgg2 {[%emt 0:00:19] unterminated} 32. Rf2 Rg1+ 33. Rf1 Rg3 34. Rf2 Rxf2 35. Kxf2 Rxh3 36. Bd4 Rh2+ 37. Kf3 a3 38. Kg4 Kd7 39. f5 Kc6 40. f6 Kd5 {[%emt 0:00:23] unterminated} 41. Kf4 {[%emt 0:31:50] unterminated} Re2 {[%emt 0:07:12] unterminated} 42. Kf3 $19 Rc2 {[%emt 0:09:06] normal} 0-1